 Dungeon Crawl Stone Soup version 0.29-a0-197-ge3fb4bd5a4 (webtiles) character file.

Game seed: 6290932189686415504

392 esteth the Slasher (level 6, 0/51 HPs)
             Began as a Demonspawn Gladiator on Feb 21, 2022.
             Slain by Edmund
             ... wielding a +4 flail of protection
              (5 damage)
             ... on level 4 of the Dungeon on Feb 22, 2022.
             The game lasted 00:06:50 (3882 turns).

esteth the Slasher (Demonspawn Gladiator)           Turns: 3882, Time: 00:06:50

Health: 0/51       AC: 17    Str: 21    XL:     6   Next: 50%
Magic:  6/6        EV: 10    Int: 11    God:
Gold:   206        SH:  0    Dex: 14    Spells: 5/5 levels left

rFire   . . .      SeeInvis .   a - +0 long sword
rCold   + + .      Faith    .   (no shield)
rNeg    . . .      Spirit   .   q - +0 scale mail
rPois   .          Reflect  .   (helmet restricted)
rElec   .          Harm     .   (no cloak)
rCorr   .          Rampage  .   (no gloves)
Will    .....                   n - +0 pair of boots
Stlth   ..........              (no amulet)
HPRegen 0.17/turn               O - +4 ring of protection
MPRegen 0.10/turn               S - +6 ring of strength

@: sanguine armoured
A: horns 1, ignite blood 2, sanguine armour 1, cold resistance 2
a: no special abilities


You were on level 4 of the Dungeon.
You visited 1 branch of the dungeon, and saw 4 of its levels.

You collected 206 gold pieces.


Innate Abilities, Weirdness & Mutations

You have a pair of small horns on your head.
Your demonic aura often causes spilled blood to erupt in flames.
When seriously injured, your blood forms armour. (AC +6)
Your flesh is very cold resistant. (rC++)


   Skills:
 + Level 5.1 Fighting
 + Level 5.1 Long Blades
 - Level 1.7 Throwing
 - Level 2.6 Dodging


You had 5 spell levels left.
You didn't know any spells.
Your spell library was empty.

Inventory:

Hand Weapons
 a - a +0 long sword (weapon)
Missiles
 d - 3 throwing nets (quivered) {=f!f}
 f - 103 stones
 s - 6 poisoned darts
 B - 6 javelins
 G - 3 silver boomerangs
Armour
 b - a +0 leather armour
 c - a +0 helmet
 h - a +0 robe
   (You found it on level 1 of the Dungeon)
 k - a +0 leather armour
   (You found it on level 1 of the Dungeon)
 m - a +0 chain mail
   (You took it off an orc on level 4 of the Dungeon)
 n - a +0 pair of boots (worn)
   (You found it on level 1 of the Dungeon)
 q - a +0 scale mail (worn)
   (You found it on level 3 of the Dungeon)
 w - a +0 robe
   (You took it off a kobold on level 4 of the Dungeon)
 A - a +0 robe
   (You found it on level 4 of the Dungeon)
 E - a +1 scale mail of fire resistance
   (You took it off an orc on level 2 of the Dungeon)
Jewellery
 O - a +4 ring of protection (left hand)
   (You found it on level 3 of the Dungeon)
 S - a +6 ring of strength (right hand)
   (You found it on level 4 of the Dungeon)
 T - an amulet of faith {!P}
   (You found it on level 2 of the Dungeon)
Scrolls
 l - 2 scrolls of identify {unknown}
 p - 3 scrolls of fog {unknown}
 r - a scroll of fear {unknown}
 t - a scroll of vulnerability {unknown}
 u - a scroll of noise {unknown}
 v - a scroll of summoning {unknown}
 x - 2 scrolls of enchant weapon {unknown}
 y - a scroll of amnesia {unknown}
 z - a scroll of immolation {unknown}
 D - a scroll of blinking {unknown}
 F - a scroll of enchant armour {unknown}
Potions
 g - a potion of flight {unknown}
 j - 2 potions of attraction {!q}
 C - a potion of magic

Dungeon Overview and Level Annotations

Branches:
Dungeon (4/15)
 Temple: D:4-7

Altars:

Shops:
D:3 *   D:4 =?

Annotations:
D:4 Edmund

### #.. ####### #.##
#.....# #...#####
#.....# ###......##
#.....#
#......#..###.....# #.
#......##@.##.....###..
#.....@###.............
#.....@# ######.###....
#......# ##..##.##.
#.....<# #.......#.
#....°.# #.........
#.##..## ##.......#. #.
#..# ## ##....)...# #
#.......#.......###
####..#......#....##


You could see Edmund.


Message History

It was a potion of invisibility.
You fade into invisibility!
Edmund hits you with a +4 flail of protection. 😕 HP[-4]
You take 4 damage, and now have 47/51 hp.
You hit Edmund but do no damage. Edmund closely misses you. 😕 HP[+1]
You hit Edmund but do no damage.
Edmund hits you with a +4 flail of protection! 😮 HP[-11]
You take 11 damage, and now have 37/51 hp.
MASSIVE DAMAGE!! (PAUSE)
You hit Edmund but do no damage.
Edmund hits you with a +4 flail of protection!
* * * LOW HITPOINT WARNING * * *
Your blood congeals into armour. 😨 HP[-13]
You take 13 damage, and now have 24/51 hp.
MASSIVE DAMAGE!! (PAUSE)
You hit Edmund but do no damage.
Edmund hits you with a +4 flail of protection!
* * * LOW HITPOINT WARNING * * *
😨 HP[-7]
You take 7 damage, and now have 17/51 hp.
You closely miss Edmund. Edmund barely misses you.
Edmund clears his throat.
Edmund closely misses you. 😨 HP[+1] It was a potion of haste.
You feel yourself speed up.
A giant cockroach comes into view.
Found a stone staircase leading up.
You hit the giant cockroach.
The giant cockroach bites you but does no damage. 😨 HP[+1]
You hit the giant cockroach.
You kill the giant cockroach!
There is a stone staircase leading up here.
You climb upwards.
There is a stone staircase leading down here.
You start resting.
You feel a little less clever now.
Your extra speed is starting to run out.
You flicker for a moment.
You feel yourself slow down.
You flicker back into view.
Your blood armour dries and flakes away. 😎 HP[+32]
Your hp is fully restored (51).
You start waiting.
Done waiting.
You climb downwards.
Level annotation: Edmund Edmund hits you but does no damage. x2
There is a stone staircase leading up here.
You closely miss Edmund. Edmund closely misses you.
You hit Edmund. You headbutt Edmund, but do no damage.
Edmund hits you with a +4 flail of protection! 😕 HP[-7]
You take 7 damage, and now have 44/51 hp.
You hit Edmund but do no damage. You headbutt Edmund, but do no damage.
Edmund hits you but does no damage. 😕 HP[+1]
You hit Edmund but do no damage.
Edmund hits you with a +4 flail of protection.
Edmund hits you with a +4 flail of protection! 😮 HP[-9]
You take 9 damage, and now have 36/51 hp.
You hit Edmund but do no damage. Edmund closely misses you.
Okay, then.
You hit Edmund but do no damage.
Edmund hits you with a +4 flail of protection!
Your blood congeals into armour. 😮 HP[-7]
You take 7 damage, and now have 29/51 hp.
You hit Edmund but do no damage.
Edmund hits you with a +4 flail of protection!
* * * LOW HITPOINT WARNING * * *
😨 HP[-10]
You take 10 damage, and now have 19/51 hp.
You slash Edmund!
Edmund is engulfed in blazing flames.
Edmund barely misses you. 😨 HP[+1]
You barely miss Edmund.
Edmund hits you with a +4 flail of protection.
* * * LOW HITPOINT WARNING * * *
😨 HP[-3]
You take 3 damage, and now have 17/51 hp.
You hit Edmund but do no damage.
Edmund is engulfed in blazing flames.
Edmund hits you with a +4 flail of protection!
* * * LOW HITPOINT WARNING * * *
😱 HP[-13]
You take 13 damage, and now have 4/51 hp.
MASSIVE DAMAGE!! (PAUSE)
Okay, then.
Okay, then.
Edmund is engulfed in blazing flames.
Edmund clears his throat.
You hit Edmund but do no damage.
Edmund hits you with a +4 flail of protection.
You die...

Skill      XL: |  1  2  3  4  5  6 |
---------------+-------------------+-----
Long Blades    | 3 4 5 |  5.1
Fighting       | 3 4 5 |  5.1
Throwing       | |  1.7
Dodging        | |  2.6

Action                   |  1- 3 |  4- 6 || total
-------------------------+-------+-------++-------
Melee: Long sword        |   133 |   127 ||   260
       Headbutt          |    11 |    32 ||    43
  Use: Potion            |       |     9 ||     9
 Stab: Sleeping          |     1 |       ||     1
Armor: Leather armour    |    21 |       ||    21
       Scale mail        |    23 |    82 ||   105
Dodge: Dodged            |    90 |    78 ||   168

Levels and vault maps discovered:
D:1:      dpeg_arrival_rooms_with_view, layout_loops_ring, dk_noncrumbling_2
D:2:      layout_basic, ebering_ecumenical_altar_webs, minmay_quantized
D:3:      layout_loops_ring, serial_shops, shop, minivault_14
D:4:      layout_rooms, serial_shops, nicolae_shop_waterfront, shop, shop,
          uniq_edmund

Notes
Turn   | Place    | Note
-------+----------+-------------------------------------------
     0 | D:1      | esteth the Demonspawn Gladiator began the quest for the
                  | Orb.
     0 | D:1      | Reached XP level 1. HP: 16/16 MP: 1/1
     0 | D:1      | magus.rc [v1.11.3]
     0 | D:1      | Upgraded the game from 0.29-a0-187-ga23d9638d5 to
                  | 0.29-a0-197-ge3fb4bd5a4
     0 | D:1      | magus.rc [v1.11.3]
   163 | D:1      | Reached skill level 3 in Long Blades
   163 | D:1      | Gained mutation: You have a pair of small horns on your
                  | head. [demonic ancestry]
   163 | D:1      | Reached XP level 2. HP: 13/23 MP: 2/2
   620 | D:1      | Gained mutation: Your demonic aura sometimes causes spilled
                  | blood to erupt in flames. [demonic ancestry]
   620 | D:1      | Reached XP level 3. HP: 28/28 MP: 3/3
   853 | D:1      | Reached skill level 3 in Fighting
  1324 | D:2      | You fall into a shaft and drop 1 floor!
  1679 | D:3      | Found Ucaosekh's Assorted Antiques.
  2024 | D:2      | Found a faded altar of an unknown god.
  2037 | D:2      | Reached XP level 4. HP: 31/35 MP: 4/4
  2803 | D:4      | Found Amejow's Jewellery Shop.
  2852 | D:4      | Reached skill level 4 in Long Blades
  2953 | D:4      | Gained mutation: When seriously injured, your blood forms
                  | armour. (AC +6) [demonic ancestry]
  2953 | D:4      | Reached XP level 5. HP: 23/42 MP: 5/5
  2958 | D:4      | Gained mutation: Your flesh is cold resistant. (rC+)
                  | [potion of mutation]
  2958 | D:4      | Gained mutation: Your flesh is very cold resistant. (rC++)
                  | [potion of mutation]
  2959 | D:4      | Reached skill level 4 in Fighting
  3011 | D:4      | Noticed an ogre
  3216 | D:4      | Killed an ogre
  3217 | D:4      | Gained mutation: Your demonic aura often causes spilled
                  | blood to erupt in flames. [demonic ancestry]
  3217 | D:4      | Reached XP level 6. HP: 32/49 MP: 6/6
  3401 | D:4      | Found Naeghap's Magic Scroll Shoppe.
  3436 | D:4      | Reached skill level 5 in Fighting
  3436 | D:4      | Reached skill level 5 in Long Blades
  3545 | D:4      | Noticed Edmund
  3878 | D:4      | HP: 4/51 [Edmund/+4 flail of protection (13)]
  3882 | D:4      | Slain by Edmund

Vanquished Creatures
  2 ogres (D:4)
  A wyvern zombie (D:4)
  2 hounds (D:4)
  2 adders
  2 dart slugs (D:1)
  2 orcs
  5 endoplasms
  3 giant cockroaches
  9 goblins
  6 hobgoblins
  10 jackals
  6 quokkas
  10 ball pythons
  5 bats
  A frilled lizard (D:1)
  12 kobolds
  10 rats
88 creatures vanquished.

Table legend:
 A = Non-vault XP
 B = Vault XP
 C = Vault XP percentage of total XP
 D = Non-vault monster count
 E = Vault monster count
 F = Vault count percentage of total count
                 A         B        C        D         E       F
            +---------+---------+-------+---------+---------+-------
      Total |     549 |      11 |   2.0 |      83 |       5 |   5.7
            +---------+---------+-------+---------+---------+-------
        D:1 |      64 |       5 |   7.2 |      37 |       2 |   5.1
        D:2 |      35 |       6 |  14.6 |      15 |       3 |  16.7
        D:3 |      23 |       0 |   0.0 |      14 |       0 |   0.0
        D:4 |     427 |       0 |   0.0 |      17 |       0 |   0.0
            +---------+---------+-------+---------+---------+-------

Illustrated notes

Table legend:
 A = Kills in this place as a percentage of kills in entire the game.
 B = Kills by you in this place as a percentage of kills by you in the entire game.
 C = Kills by friends in this place as a percentage of kills by friends in the entire game.
 D = Other kills in this place as a percentage of other kills in the entire game.
 E = Experience gained in this place as a percentage of experience gained in the entire game.
 F = Experience gained in this place divided by the number of levels of this place that you have seen.
                   A       B       C       D       E      F
               +-------+-------+-------+-------+-------+----------------------
         Total | 100.0 | 100.0 |   N/A |   N/A | 100.0 | 140.0
       Dungeon | 100.0 | 100.0 |   N/A |   N/A | 100.0 | 140.0
               +-------+-------+-------+-------+-------+----------------------

Table legend: (Time is in decaauts)
 A = Elapsed time spent in this place.
 B = Non-inter-level travel time spent in this place.
 C = Inter-level travel time spent in this place.
 D = Time resting spent in this place.
 E = Time spent auto-exploring this place.
 F = Levels seen in this place.
 G = Mean time per level.
                   A        B        C        D        E       F      G
               +--------+--------+--------+--------+--------+-----+--------+
         Total |   3921 |   3790 |    131 |    555 |   2576 |   4 |  980.2 |
       Dungeon |   3921 |   3790 |    131 |    555 |   2576 |   4 |  980.2 |
               +--------+--------+--------+--------+--------+-----+--------+

Top non-repeatable levels by time:
     D:1: 1311 daAuts
     D:3: 1294 daAuts
     D:2: 685 daAuts
     D:4: 629 daAuts
